 Dungeon Crawl Stone Soup version 0.18.1-47-g9310371 (webtiles) character file.

163 Hercules the Slasher (level 5, -1/42 HPs)
             Began as a Demigod Fighter on June 19, 2016.
             Slain by an iguana (9 damage)
             ... on level 4 of the Dungeon.
             The game lasted 00:05:40 (3065 turns).

Hercules the Slasher (Demigod Fighter)              Turns: 3065, Time: 00:05:40

Health: -1/42      AC:  8    Str: 21    XL:     5   Next: 0%
Magic:  7/7        EV:  7    Int: 12    God:
Gold:   193        SH: 10    Dex: 15    Spells: 0 memorised, 4 levels left

rFire  . . .     SeeInvis .     a - +0 long sword
rCold  . . .     Gourm    .     b - +0 scale mail
rNeg   . . .     Faith    .     c - +0 shield
rPois  .         Spirit   .     d - +1 helmet
rElec  .         Dismiss  .     (no cloak)
rCorr  .         Reflect  .     (no gloves)
SustAt +         Harm     .     (no boots)
MR     .....                    (no amulet)
Stlth  ..........               (no ring)
                                j - ring of sustain attributes

@: lethally poisoned (-1 -> -2), not resistant to hostile enchantments,
extremely unstealthy
A: high mp 1, sustain attributes
a: no special abilities


You were on level 4 of the Dungeon.
You were not hungry.

You visited 1 branch of the dungeon, and saw 4 of its levels.

You collected 193 gold pieces.

Inventory:

Hand Weapons
 a - a +0 long sword (weapon)
Armour
 b - a +0 scale mail (worn)
 c - a +0 shield (worn)
 d - a +1 helmet (worn)
 o - a +0 large shield
Jewellery
 j - a ring of sustain attributes (left hand)
Scrolls
 e - a scroll of teleportation
 l - 2 scrolls of amnesia
Potions
 n - a potion of haste
Comestibles
 f - 2 bread rations
 h - a slice of pizza
 i - 5 fruits
 k - a meat ration
 p - a beef jerky


   Skills:
 - Level 2.6 Fighting
 * Level 4.2 Long Blades
 - Level 2.6 Armour
 + Level 3.6 Shields


You had 4 spell levels left.
You didn't know any spells.

Dungeon Overview and Level Annotations

Branches:
Dungeon (4/15)
 Temple: D:4-7

Annotations:
D:3 schammes's ghost, amateur DsSk


Innate Abilities, Weirdness & Mutations

You have an increased reservoir of magic (+10% MP).
Your attributes are resistant to harm.


Message History

There is a stone staircase leading down here.
You block the adder's attack. Schammes's ghost hits you. The adder bites you.
You climb downwards.
An iguana comes into view.
The iguana hisses angrily.
Found 11 gold pieces.
Found a stone staircase leading down.
There is a stone staircase leading up here.
You closely miss the adder.
You feel sick. The adder barely misses you.
You closely miss the adder. The adder closely misses you.
The adder bites you but does no damage.
You closely miss the adder.
You feel sick. The adder bites you but does no damage.
You block the adder's attack.
You slash the adder!
You kill the adder!
You have reached level 5!
The iguana bites you.
You barely miss the iguana.
You feel sick. The iguana bites you!
* * * LOW HITPOINT WARNING * * *
You closely miss the iguana. The iguana bites you!
You die...

######...
#.....>.
.......
##.....
..... ...
#l# #@#
#.†..#
#....#
#....#
#....#
#$...#
#....#
#.#...


You could see an iguana.

Vanquished Creatures
  Robin (D:2)
  2 gnolls (D:3)
  4 adders
  2 oozes
  A worm (D:2)
  2 dart slugs (D:2)
  5 giant geckos
  3 giant cockroaches (D:3)
  14 goblins
  11 hobgoblins
  2 quokkas (D:3)
  2 ball pythons
  5 bats
  5 giant newts
  9 kobolds
  7 rats
75 creatures vanquished.

Notes
Turn   | Place    | Note
--------------------------------------------------------------
     0 | D:1      | Hercules the Demigod Fighter began the quest for the Orb.
     0 | D:1      | Reached XP level 1. HP: 18/18 MP: 3/3
    82 | D:1      | Reached skill level 2 in Long Blades
   368 | D:1      | Reached XP level 2. HP: 25/25 MP: 4/4
  1189 | D:2      | Noticed Robin
  1193 | D:2      | Reached XP level 3. HP: 26/30 MP: 5/5
  1194 | D:2      | Reached skill level 3 in Long Blades
  1204 | D:2      | Killed Robin
  1593 | D:2      | Found an iron altar of Okawaru.
  1952 | D:2      | Reached XP level 4. HP: 32/37 MP: 6/6
  2364 | D:3      | Reached skill level 4 in Long Blades
  2407 | D:3      | Found a blossoming altar of Fedhas.
  2421 | D:3      | Found an oddly glowing altar of Pakellas.
  3013 | D:3      | Found a glowing golden altar of the Shining One.
  3030 | D:3      | Noticed schammes's ghost (amateur DsSk)
  3063 | D:4      | Reached XP level 5. HP: 26/42 MP: 7/7
  3065 | D:4      | Slain by an iguana

Skill      XL: |  1  2  3  4 |
---------------+-------------+-----
Long Blades    | 2 3 4 |  4.2
Shields        | 3 |  3.6
Fighting       | |  2.6
Armour         | |  2.6

Action                   |  1- 3 |  4- 6 || total
-------------------------+-------+-------++-------
Melee: Long sword        |   126 |   114 ||   240
  Use: Potion            |     2 |     1 ||     3
       Scroll            |       |     6 ||     6
  Eat: Chunk             |     3 |     4 ||     7
Armor: Scale mail        |    53 |    49 ||   102
Dodge: Dodged            |    35 |    21 ||    56
Block: Shield            |    64 |    52 ||   116
